 Dungeon Crawl Stone Soup version 0.29.1-2-gbd0b4ee654 (webtiles) character file.

Game seed: 12686692798654944222

16 cdecastro the Sneak (level 2, 0/15 HPs)
             Began as a Kobold Enchanter on Nov 20, 2022.
             Slain by a kobold
             ... wielding a +0 club
              (3 damage)
             ... on level 2 of the Dungeon.
             The game lasted 00:01:28 (1176 turns).

cdecastro the Sneak (Kobold Enchanter)              Turns: 1176, Time: 00:01:28

Health: 0/15       AC:  2    Str:  5    XL:     2   Next: 70%
Magic:  5/5        EV: 15    Int: 16    God:
Gold:   49         SH:  0    Dex: 15    Spells: 5/5 levels left

rFire   . . .      SeeInvis .   a - +1 dagger
rCold   . . .      Faith    .   (no shield)
rNeg    . . .      Spirit   .   b - +0 robe
rPois   .          Reflect  .   (no helmet)
rElec   .          Harm     .   (no cloak)
rCorr   .          Rampage  .   (no gloves)
Will    .....                   (no boots)
Stlth   ++++......              (no amulet)
HPRegen 0.05/turn               (no ring)
MPRegen 0.09/turn               (no ring)

@: no status effects
A: small, no large weapons, nightstalker 3
a: no special abilities


You were on level 2 of the Dungeon.
You visited 1 branch of the dungeon, and saw 2 of its levels.

You collected 49 gold pieces.

Inventory:

Hand Weapons
 a - a +1 dagger (weapon)
Missiles
 o - 6 atropa-tipped darts (quivered)
Armour
 b - a +0 robe (worn)
Magical Staves
 i - a staff of fire
Jewellery
 g - a +4 ring of slaying
 j - a ring of fire
 k - a ring of fire
 p - a ring of see invisible
Scrolls
 e - 2 scrolls of identify {unknown}
 f - a scroll of blinking {unknown}
 m - a scroll of fear {unknown}
 n - a scroll of enchant weapon {unknown}
Potions
 c - 2 potions of invisibility
 d - a potion of attraction {unknown}
 h - a potion of brilliance {unknown}
 l - a potion of cancellation {unknown}


   Skills:
 - Level 1.3 Short Blades
 - Level 2.4 Dodging
 + Level 4.4 Stealth
 - Level 2.1 Spellcasting
 * Level 3.6 Hexes


You had 5 spell levels left.
You didn't know any spells.
Your spell library contained the following spells:

 Spells                   Type           Power      Damage    Failure   Level
 Ensorcelled Hibernation  Hex/Ice        14%        N/A       14%         2
 Confusing Touch          Hex            13%        N/A       14%         3
 Tukima's Dance           Hex            13%        N/A       14%         3
 Dazzling Flash           Conj/Hex       14%        N/A       28%         3


Dungeon Overview and Level Annotations

Branches:
Dungeon (2/15)

Altars:


Innate Abilities, Weirdness & Mutations

You are small and have problems with some larger weapons.
You are completely attuned to the shadows.


Message History

The bat hits you but does no damage.
The kobold throws a stone.
The stone misses you.
You hit the bat but do no damage. Your punch misses the bat.
The bat closely misses you. The bat hits you but does no damage.
You hit the bat but do no damage. The bat hits you but does no damage. x3
The kobold hits you but does no damage.
You hit the bat.
You kill the bat!
The bat closely misses you. The kobold hits you with a +0 club.
The kobold attacks as you move away! The kobold completely misses you.
The bat misses you.
You see here a bat corpse.
The kobold attacks as you move away! The kobold barely misses you.
The bat barely misses you. The kobold attacks as you move away!
The kobold barely misses you. The bat hits you but does no damage.
The bat attacks as you move away! The bat barely misses you. The bat hits you.
The bat hits you but does no damage. The bat attacks as you move away!
The bat misses you. The bat barely misses you.
The kobold throws a stone.
The stone hits you but does no damage. The bat barely misses you.
The bat closely misses you.
You hit the kobold.
The kobold is heavily wounded.
The kobold hits you with a +0 club.
* * * LOW HITPOINT WARNING * * *
You closely miss the kobold.
The kobold is heavily wounded.
The kobold hits you with a +0 club.
* * * LOW HITPOINT WARNING * * *
You miss the kobold.
The kobold is heavily wounded.
You hit the kobold but do no damage.
The kobold is heavily wounded.
The kobold barely misses you.
You hit the kobold but do no damage.
The kobold is heavily wounded.
The kobold hits you with a +0 club.
You die...

......##......###....†##.####.#
..........##..........##....#.#
......##[####.###.)...##.##.#.#
.#######......# #..)..##.##..>#
.# ######.# ########......#
##.## #####.## #...### #.#
#.....# #.# #...#@# #######.#
#####K# ##.....#.#
#...b####....#.#.#
#................#
#..............###
#...#....#....##
##............# #...†##.....#
#....##..


You could see a bat and a kobold.

Vanquished Creatures
  An endoplasm (D:2)
  2 giant cockroaches (D:1)
  3 goblins
  A hobgoblin (D:2)
  2 ball pythons (D:2)
  2 bats (D:2)
  A frilled lizard (D:2)
  3 kobolds
  A rat (D:1)
16 creatures vanquished.

Notes
Turn   | Place    | Note
-------+----------+-------------------------------------------
     0 | D:1      | cdecastro the Kobold Enchanter began the quest for the Orb.
     0 | D:1      | Reached XP level 1. HP: 10/10 MP: 3/3
   636 | D:1      | Reached XP level 2. HP: 15/15 MP: 5/5
   654 | D:1      | Found a faded altar of an unknown god.
  1176 | D:2      | Slain by a kobold

Illustrated notes

Levels and vault maps discovered:
D:1:      dpeg_arrival_shelter, layout_basic,
          hellmonk_ecumenical_altar_crossroads
D:2:      layout_loops_cross, fountainhead, skrybe_limestone_x

Action                   || total
-------------------------++-------
Melee: Dagger            ||    42
 Stab: Sleeping          ||     8
Armor: Robe              ||    16
Dodge: Dodged            ||    36
